 Dungeon Crawl Stone Soup version 0.29-a0-341-g24ffce5b50 (webtiles) character file.

Game seed: 12773746399318862339

64 bande the Covered (level 4, -2/28 HPs)
             Began as a Gargoyle Fighter on Apr 21, 2022.
             Slain by Terence
             ... wielding a +0 flail
              (7 damage)
             ... on level 2 of the Dungeon.
             The game lasted 00:03:38 (1540 turns).

bande the Covered (Gargoyle Fighter)                Turns: 1540, Time: 00:03:39

Health: -2/28      AC: 13    Str: 19    XL:     4   Next: 12%
Magic:  4/4        EV:  9    Int:  9    God:
Gold:   897        SH:  4    Dex: 11    Spells: 3/3 levels left

rFire   . . .      SeeInvis .   a - +0 war axe
rCold   . . .      Faith    .   c - +0 buckler
rNeg    + . .      Spirit   .   b - +0 scale mail
rPois   ∞          Reflect  .   n - +0 helmet
rElec   +          Harm     .   i - +0 cloak
rCorr   .          Rampage  .   (no gloves)
Will    .....      Clarity  +   (no boots)
Stlth   ..........              (no amulet)
HPRegen 0.09/turn               (no ring)
MPRegen 0.09/turn               (no ring)

@: no status effects
A: sickness immunity, AC +3, negative energy resistance 1, electricity
resistance, torment resistance 1, petrification resistance, clarity, MP-powered
wands, devolution 1
a: no special abilities


You were on level 2 of the Dungeon.
You visited 1 branch of the dungeon, and saw 2 of its levels.

You collected 897 gold pieces.

Inventory:

Hand Weapons
 a - a +0 war axe (weapon)
 f - a +0 mace
Armour
 b - a +0 scale mail (worn)
 c - a +0 buckler (worn)
 i - a +0 cloak (worn)
 n - a +0 helmet (worn)
Jewellery
 m - a ring of ice
Potions
 d - a potion of might
 e - 2 potions of heal wounds
 k - a potion of haste {unknown}
 l - 2 potions of resistance


   Skills:
 + Level 3.6 Fighting
 + Level 2.8 Axes
 + Level 4.0 Armour
 + Level 3.6 Shields


You had 3 spell levels left.
You didn't know any spells.
Your spell library was empty.

Dungeon Overview and Level Annotations

Branches:
Dungeon (2/15)

Altars:

Annotations:
D:2 Terence


Innate Abilities, Weirdness & Mutations

You are immune to sickness and miasma.
Your stone body is resilient. (AC +3)
You are immune to poison.
You resist negative energy. (rN+)
You are resistant to electric shocks. (rElec)
You are resistant to unholy torment.
You are immune to petrification.
You possess an exceptional clarity of mind.
You expend magic power (3 MP) to strengthen your wands.
You have hidden genetic defects.


Message History

You are too injured to fight recklessly!
You are too injured to fight recklessly!
You are too injured to fight recklessly!
You are too injured to fight recklessly!
You are too injured to fight recklessly!
You are too injured to fight recklessly!
You hit Terence.
Terence is moderately wounded.
Terence hits you but does no damage.
You hit Terence.
Terence is heavily wounded.
Terence hits you with a +0 flail.
* * * LOW HITPOINT WARNING * * *
Terence closely misses you.
You closely miss Terence.
Terence is heavily wounded.
You block Terence's attack.
You completely miss Terence.
Terence is heavily wounded.
Terence hits you with a +0 flail.
* * * LOW HITPOINT WARNING * * *
You slash Terence!
Terence is almost dead.
Terence misses you. You block Terence's attack.
You closely miss Terence.
Terence is almost dead.
You block Terence's attack.
You hit Terence but do no damage.
Terence is almost dead.
Terence barely misses you. x2
You hit Terence but do no damage.
Terence is almost dead.
Terence completely misses you.
You hit Terence but do no damage.
Terence is almost dead.
Terence barely misses you.
You closely miss Terence.
Terence is almost dead.
Terence closely misses you. Terence hits you with a +0 flail!
You die...

#.#.....##.#..# ..
#.....#....#..###. #
#.....#####...#.
#.#####..#### ###.#.
#........## #...
....$.....## ####
####!...).## #####
###.......######....
#.@@...............#
......#.......######...#
#............## ##.##
#.#####.....## #.# .
.....## #.# ####.## #.#
#.# .# #.# #.# .# #.#
#.##.##..# #.#


You could see Terence.

Vanquished Creatures
  Robin (D:2)
  A worm (D:2)
  3 ball pythons
  4 endoplasms
  3 giant cockroaches (D:1)
  8 goblins (D:2)
  8 hobgoblins
  A quokka (D:2)
  4 bats
  3 frilled lizards (D:1)
  2 kobolds
  6 rats (D:1)
44 creatures vanquished.

Notes
Turn   | Place    | Note
-------+----------+-------------------------------------------
     0 | D:1      | bande the Gargoyle Fighter began the quest for the Orb.
     0 | D:1      | Reached XP level 1. HP: 14/14 MP: 1/1
   390 | D:1      | Reached XP level 2. HP: 14/19 MP: 2/2
   539 | D:1      | Found a faded altar of an unknown god.
   710 | D:1      | Identified a scroll of acquirement
   710 | D:1      | Acquired 786 gold pieces
  1212 | D:2      | Reached XP level 3. HP: 23/23 MP: 3/3
  1358 | D:2      | Noticed Robin
  1369 | D:2      | Killed Robin
  1383 | D:2      | Reached skill level 4 in Armour
  1391 | D:2      | Reached XP level 4. HP: 25/28 MP: 4/4
  1466 | D:2      | Gained mutation: You possess an exceptional clarity of
                  | mind. [potion of mutation]
  1466 | D:2      | Gained mutation: You have hidden genetic defects. [potion
                  | of mutation]
  1466 | D:2      | Gained mutation: You expend magic power (3 MP) to
                  | strengthen your wands. [potion of mutation]
  1523 | D:2      | Noticed Terence
  1540 | D:2      | Slain by Terence

Illustrated notes

Levels and vault maps discovered:
D:1:      dpeg_arrival_simpleton_b, layout_basic,
          hellmonk_ecumenical_altar_inner_sanctum
D:2:      layout_loops_corners, grunt_decor_cap, uniq_natasha,
          uniq_crazy_yiuf_cottage, uniq_robin, uniq_terence

Skill      XL: |  1  2  3 |
---------------+----------+-----
Axes           | 2 |  2.8
Armour         | 4 |  4.0
Fighting       | |  3.6
Shields        | |  3.6

Action                   |  1- 3 |  4- 6 || total
-------------------------+-------+-------++-------
Melee: War axe           |    91 |    25 ||   116
  Use: Scroll            |     4 |     3 ||     7
       Potion            |       |     1 ||     1
Armor: Scale mail        |    48 |     7 ||    55
Dodge: Dodged            |    32 |    10 ||    42
Block: Buckler           |    23 |     5 ||    28

Table legend: (Time is in decaauts)
 A = Elapsed time spent in this place.
 B = Non-inter-level travel time spent in this place.
 C = Inter-level travel time spent in this place.
 D = Time resting spent in this place.
 E = Time spent auto-exploring this place.
 F = Levels seen in this place.
 G = Mean time per level.
                   A        B        C        D        E       F      G
               +--------+--------+--------+--------+--------+-----+--------+
         Total |   1588 |   1588 |      0 |    259 |    996 |   2 |  794.0 |
       Dungeon |   1588 |   1588 |      0 |    259 |    996 |   2 |  794.0 |
               +--------+--------+--------+--------+--------+-----+--------+

Top non-repeatable levels by time:
     D:1: 1216 daAuts
     D:2: 372 daAuts
